Map: Echo LE

Players

Scarlett - Winner!

  • Race: Zerg Zerg
  • Spawn Location: 5:00

Zerghamdi

  • Race: Zerg Zerg
  • League: Master
  • Spawn Location: 11:00

Event: WESG 2016 Finals

VOD

Have the link to the VOD?

Description

Time

  • Played on: Jan. 13, 2017, 2:52 a.m.
  • Length: 4:46

All games in this series

Show
View Real Time Build Order
Export as new Build Order

Scarlett Zerg - Winner!

Build Orders: Pool First 

Get SALT Encoding   

  12  0:01  Drone  
  13  0:08  Drone  
  14  0:15  Extractor  
  13  0:27  Spawning Pool  
  12  0:31  Drone  
  13  0:36  Drone  
  14  0:43  Drone, Extractor  
  15  0:51  Overlord  
  15  1:14  Zergling x2  
  15  1:15  Metabolic Boost  
  15  1:17  Queen  
  18  1:22  Zergling x2  
  18  1:24  Zergling x2  
  20  1:29  Zergling x2  
  21  1:50  Hatchery  
  20  1:55  Zergling x2  
  20  1:56  Zergling x2  
  22  2:05  Overlord  
  22  2:23  Queen  
  22  2:25  Zergling x4  
  22  2:27  Zergling x2  
  22  2:29  Zergling x2  
  28  2:41  Overlord  
  28  2:49  Drone x2  
  29  2:59  Drone  
  29  3:00  Drone x2  
  29  3:02  Drone  
  34  3:19  Zergling x4  
  33  3:24  Zergling x2  
  33  3:28  Zergling x2  
  32  3:35  Baneling Nest  
  32  3:38  Zergling x8  
  35  3:43  Overlord  
  35  3:46  Zergling x2  
  36  3:53  Zergling x4  
  38  4:02  Zergling x6  
  41  4:09  Zergling x2  
  40  4:11  Zergling x2  
  40  4:15  Zergling x2  
  41  4:23  Baneling x5  
  41  4:25  Baneling  
  41  4:29  Zergling x2  
Show
View Real Time Build Order
Export as new Build Order

Zerghamdi Zerg 

Build Orders: Pool First 

Get SALT Encoding   

  12  0:00  Drone  
  13  0:12  Overlord  
  13  0:17  Drone  
  14  0:31  Drone x2  
  14  0:35  Drone  
  17  0:46  Spawning Pool  
  17  0:47  Drone  
  17  0:56  Drone  
  18  1:10  Extractor  
  17  1:13  Hatchery  
  16  1:20  Drone  
  17  1:33  Zergling x2  
  17  1:34  Queen, Zergling x2  
  21  1:40  Drone  
  22  1:49  Overlord  
  22  2:08  Drone  
  23  2:11  Queen  
  23  2:14  Metabolic Boost  
  25  2:17  Drone  
  26  2:26  Zergling x4  
  28  2:32  Zergling x2  
  29  2:37  Spine Crawler  
  29  2:38  Zergling x2  
  29  2:41  Zergling x2  
  29  2:43  Zergling x2  
  29  2:44  Zergling x2  
  29  2:45  Zergling x2  
  29  2:47  Zergling x2  
  28  2:58  Zergling x4  
  30  3:16  Zergling x2  
  30  3:17  Zergling x2  
  26  3:21  Zergling x2  
  26  3:22  Zergling x4  
  25  3:29  Queen, Zergling x2  
  26  3:41  Baneling Nest  
  25  3:43  Zergling x2  
  26  3:51  Zergling x2  
  28  3:58  Hatchery  
  27  4:03  Baneling Nest, Zergling x2  
  24  4:13  Zergling x2  
  23  4:23  Zergling x2  
Tags
 
Add a new tag
Caveats
  • Supply blocks, unpowered buildings, or Contaminate may cause inaccurate times.
  • Supply counts are checked every 10 seconds.